 Dungeon Crawl Stone Soup version 0.29.1-4-g47bece8355 (webtiles) character file.

Game seed: 8798591840198087361

646 safid the Shooter (level 7, -9/58 (66) HPs)
             Began as a Minotaur Hunter on Dec 6, 2022.
             Mangled by Duvessa
             ... wielding a +1 rapier of draining
              (16 damage)
             ... on level 5 of the Dungeon.
             The game lasted 00:05:14 (4026 turns).

safid the Shooter (Minotaur Hunter)                 Turns: 4026, Time: 00:05:15

HP:   -9/58 (66)    AC:  5    Str: 15    XL:     7   Next: 27%
MP:   0/6           EV: 12    Int:  6    God:
Gold: 167           SH:  0    Dex: 16    Spells: 6/6 levels left

rFire   . . .      SeeInvis .   a - +0 shortbow
rCold   . . .      Faith    .   (shield currently unavailable)
rNeg    . . .      Spirit   +   c - +0 leather armour
rPois   .          Reflect  .   (helmet restricted)
rElec   .          Harm     .   j - +0 cloak
rCorr   .          Rampage  .   q - +0 pair of gloves
Will    .....                   (no boots)
Stlth   +.........              l - amulet of guardian spirit
HPRegen 0.19/turn               (no ring)
MPRegen 0.10/turn               (no ring)

@: heavily drained
A: horns 2, retaliatory headbutt
a: no special abilities


You were on level 5 of the Dungeon.
You visited 1 branch of the dungeon, and saw 5 of its levels.

You collected 167 gold pieces.

Inventory:

Hand Weapons
 a - a +0 shortbow (weapon)
Armour
 c - a +0 leather armour (worn)
 j - a +0 cloak (worn)
 q - a +0 pair of gloves (worn)
Jewellery
 i - a ring of fire
 l - an amulet of guardian spirit (around neck)
 t - a +6 ring of strength
Scrolls
 b - 2 scrolls of immolation
 d - 2 scrolls of magic mapping {unknown}
 e - a scroll of butterflies {unknown}
 g - a scroll of enchant armour {unknown}
 k - 6 scrolls of identify {unknown}
 m - a scroll of fear {unknown}
 p - a scroll of noise {unknown}
Potions
 f - a potion of ambrosia {unknown}
 h - 2 potions of lignification {unknown}
 n - a potion of heal wounds {unknown}
 o - 2 potions of cancellation {unknown}
 r - 2 potions of invisibility {unknown}
 s - a potion of brilliance {unknown}


   Skills:
 + Level 7.1 Fighting
 + Level 7.6 Ranged Weapons
 - Level 2.1 Dodging
 - Level 0.7 Stealth


You had 6 spell levels left.
You didn't know any spells.
Your spell library contained the following spells:

 Spells                   Type           Power      Damage    Failure   Level
 Ensorcelled Hibernation  Hex/Ice        0%         N/A       67%         2
 Passwall                 Tmut/Erth      0%         N/A       67%         2
 Inner Flame              Hex/Fire       0%         N/A       88%         3
 Swiftness                Air            0%         N/A       88%         3
 Cause Fear               Hex            0%         N/A       99%         4
 Freezing Cloud           Conj/Ice/Air   0%         6-21      100%        5
 Simulacrum               Ice/Necr       0%         N/A       100%        6
 Discord                  Hex            0%         N/A       100%        8
 Polar Vortex             Ice            0%         N/A       100%        9


Dungeon Overview and Level Annotations

Branches:
Dungeon (5/15)
 Temple: D:4-7

Altars:
Ru

Shops:
D:1 (

Annotations:
D:4 2 runed translucent doors, DemonSlayer's ghost, amateur DsFE
D:5 Duvessa


Innate Abilities, Weirdness & Mutations

You have a pair of horns on your head.
You reflexively headbutt those who attack you in melee.


Message History

Duvessa rages.
Duvessa hits you with a +1 rapier of draining!
You feel drained.
You shoot an arrow. The arrow hits Duvessa.
Duvessa is lightly wounded.
Duvessa hits you with a +1 rapier of draining!
You feel drained.
Duvessa hits you with a +1 rapier of draining!
You feel drained.
You are too injured to fight recklessly!
You are too injured to fight recklessly!
You are too injured to fight recklessly!
You are too injured to fight recklessly!
Unknown command.
Fire: a) +0 shortbow
Press: ? - help, Q - select action Shift-Dir - straight line, f/p - Duvessa
Aim: Duvessa, wielding a +1 rapier of draining and wearing a +0 ring mail (lightly wounded, berserk, 72% to hit)
You shoot an arrow. The arrow hits Duvessa.
Duvessa is lightly wounded.
Duvessa barely misses you.
Fire: a) +0 shortbow
Press: ? - help, Q - select action Shift-Dir - straight line, f/p - Duvessa
Aim: Duvessa, wielding a +1 rapier of draining and wearing a +0 ring mail (lightly wounded, berserk, 72% to hit)
You shoot an arrow. The arrow hits Duvessa.
Duvessa is moderately wounded.
Duvessa barely misses you.
Duvessa hits you with a +1 rapier of draining!!
* * * LOW HITPOINT WARNING * * *
You feel drained.
* * * LOW HITPOINT WARNING * * *
Unknown command.
Fire: a) +0 shortbow
Press: ? - help, Q - select action Shift-Dir - straight line, f/p - Duvessa
Aim: Duvessa, wielding a +1 rapier of draining and wearing a +0 ring mail (moderately wounded, berserk, 72% to hit)
You shoot an arrow.
The arrow hits Duvessa but does no damage.
Duvessa is moderately wounded.
Duvessa closely misses you.
Duvessa hits you with a +1 rapier of draining!
You die...

$##### #....#
......##.##.#
#.....).##.#
#.......##.#
##.......##.#
#.......<...#
#...)...####
#.......#
#...@...#
#.##e#### #.
#.# ..# ####


You could see Duvessa (berserk).

Vanquished Creatures
  A water moccasin (D:5)
  A necrophage (D:4)
  A scorpion (D:4)
  Dowan (D:5)
  2 orc priests (D:4)
  A hound (D:5)
  A jelly (D:4)
  A gnoll bouda (D:3)
  2 orc wizards
  5 gnolls (D:3)
  2 adders (D:3)
  A dart slug (D:1)
  12 orcs
  10 ball pythons
  4 bats
  9 endoplasms
  3 giant cockroaches
  6 goblins
  9 hobgoblins
  8 jackals
  2 quokkas
  5 frilled lizards
  5 kobolds
  5 rats
97 creatures vanquished.

Vanquished Creatures (others)
  17 plants
17 creatures vanquished.

Grand Total: 114 creatures vanquished

Notes
Turn   | Place    | Note
-------+----------+-------------------------------------------
     0 | D:1      | safid the Minotaur Hunter began the quest for the Orb.
     0 | D:1      | Reached XP level 1. HP: 18/18 MP: 0/0
   288 | D:1      | Reached XP level 2. HP: 26/26 MP: 1/1
   450 | D:1      | Found a faded altar of an unknown god.
   540 | D:1      | Reached XP level 3. HP: 25/31 MP: 2/2
   605 | D:1      | Found Ithren's Antique Weapon Emporium.
   638 | D:1      | Reached skill level 5 in Ranged Weapons
  1478 | D:3      | Reached XP level 4. HP: 32/40 MP: 3/3
  1532 | D:3      | Reached XP level 5. HP: 7/47 MP: 4/4
  1790 | D:3      | Reached skill level 5 in Fighting
  2297 | D:3      | Found a sacrificial altar of Ru.
  2788 | D:4      | Reached XP level 6. HP: 57/57 MP: 5/5
  2917 | D:4      | Found a large runed translucent door.
  2917 | D:4      | Found a large runed translucent door.
  2921 | D:4      | Noticed DemonSlayer's ghost (amateur DsFE)
  3787 | D:5      | Entered Level 5 of the Dungeon
  3787 | D:5      | Noticed a water moccasin
  3792 | D:5      | Killed a water moccasin
  3793 | D:5      | Reached XP level 7. HP: 48/64 MP: 6/6
  3998 | D:5      | Noticed Dowan
  4011 | D:5      | Killed Dowan
  4020 | D:5      | Noticed Duvessa
  4026 | D:5      | Mangled by Duvessa

Illustrated notes

Levels and vault maps discovered:
D:1:      dpeg_arrival_simpleton_a, layout_rooms,
          chequers_ecumenical_altar_simple, serial_shops, shop, minmay_distorted
D:2:      layout_basic, serial_forest, infiniplex_forest_end_2,
          infiniplex_forest_end_1, infiniplex_forest_lined_room_2,
          infiniplex_forest_lined_room_2, infiniplex_forest_clump_tiny,
          st_stairs_4, minmay_tromino_mix6
D:3:      layout_basic, nicolae_ru_awakened_eye, nicolae_grassy_gnolls
D:4:      layout_basic, ebering_ghost_disaster_area, hangedman_decor_lopped
D:5:      layout_loops_ring, old_standard_altar,
          minmay_temple_entry_antechambers, gammafunk_ghost_nasty_kobolds,
          enter_ossuary_2, uniq_duvessa

Skill      XL: |  1  2  3  4  5  6  7 |
---------------+----------------------+-----
Fighting       | 3 4 5 6 7 |  7.1
Ranged Weapons | 5 6 7 |  7.6
Dodging        | |  2.1
Stealth        | |  0.7

Action                   |  1- 3 |  4- 6 |  7- 9 || total
-------------------------+-------+-------+-------++-------
 Fire: Shortbow          |    97 |   131 |    24 ||   252
Armor: Leather armour    |     9 |    27 |       ||    36
Dodge: Dodged            |    36 |    40 |    14 ||    90
